 Dungeon Crawl Stone Soup version 0.23.2-40-g277498a001 (webtiles) character file.

Game seed: 10943403535825174244

46 FishyPogo the Caller (level 3, -1/28 HPs)
             Began as a Hill Orc Summoner on Aug 17, 2019.
             Slain by an adder (4 damage)
             ... on level 1 of the Dungeon.
             The game lasted 00:11:11 (1122 turns).

FishyPogo the Caller (Hill Orc Summoner)            Turns: 1122, Time: 00:11:11

Health: -1/28      AC:  2    Str: 15    XL:     3   Next: 68%
Magic:  2/5        EV: 11    Int: 16    God:
Gold:   73         SH:  5    Dex: 11    Spells: 1/5 levels left

rFire    . . .     SeeInvis .   a - +0 hand axe
rCold    . . .     Gourm    .   k - +2 buckler
rNeg     + . .     Faith    .   e - +0 robe
rPois    .         Spirit   .   (no helmet)
rElec    .         Reflect  .   (no cloak)
rCorr    .         Harm     .   (no gloves)
MR       .....                  (no boots)
Stlth    ++........             (no amulet)
HPRegen  0.09/turn              i - ring of positive energy
MPRegen  0.09/turn              (no ring)

@: mighty, lethally poisoned (-1 -> -5)
A: no striking features
a: no special abilities


You were on level 1 of the Dungeon.
You were hungry.

You visited 1 branch of the dungeon, and saw 2 of its levels.

You collected 73 gold pieces.

Inventory:

Hand Weapons
 a - a +0 hand axe (weapon)
Missiles
 b - 140 stones (quivered)
Armour
 e - a +0 robe (worn)
 k - a +2 buckler (worn)
Jewellery
 i - a ring of positive energy (left hand)
Wands
 p - a wand of paralysis (1)
Scrolls
 f - 2 scrolls of remove curse {unknown}
 h - a scroll of blinking {unknown}
 j - a scroll of magic mapping {unknown}
 l - 3 scrolls of identify {unknown}
 n - a scroll of amnesia {unknown}
 q - a scroll of teleportation {unknown}
Potions
 d - a potion of flight {unknown}
 g - a potion of haste {unknown}
 o - a potion of heal wounds {unknown}
Comestibles
 c - 2 rations


   Skills:
 - Level 1.0 Fighting
 + Level 1.5 Axes
 - Level 2.0 Dodging
 - Level 1.5 Stealth
 * Level 0.9 Shields
 + Level 1.9 Spellcasting
 - Level 4.3 Summonings


You had one spell level left.
You knew the following spells:

 Your Spells              Type           Power        Failure   Level  Hunger
d - Summon Small Mammal   Summ           ###.         5%          1    #......
f - Call Canine Familiar  Summ           ###.....     16%         3    ###....

Your spell library contained the following spells:

 Spells                   Type           Power        Failure   Level  Hunger
 Call Imp                 Summ           ###.....     8%          2    ###....
 Summon Guardian Golem    Hex/Summ       #.......     36%         3    ###....
 Summon Ice Beast         Ice/Summ       #.......     77%         4    #####..
 Summon Lightning Spire   Summ/Air       #.......     77%         4    #####..


Dungeon Overview and Level Annotations

Branches:
Dungeon (2/15)

Altars:


Message History

* * * LOW HITPOINT WARNING * * *
You climb upwards.
You feel sick.
There is a stone staircase leading down here.
Casting: Summon Small Mammal (safe; 5% risk of failure)
Confirm with . or Enter, or press ? or * to list all spells.
You don't have enough magic to cast that spell.
It was a potion of might.
You feel very mighty all of a sudden. The adder barely misses you.
You miss the adder.
The adder is moderately wounded.
The adder closely misses you. x2
You barely miss the adder.
The adder is moderately wounded.
You feel sick. The adder bites you.
* * * LOW HITPOINT WARNING * * *
You hit the adder.
The adder is severely wounded.
The adder bites you.
You die...

#.# #.#..## ###..## #
#####.####....#####.....####
######...........................
........)....###...####..###.....
..#.......###......# ##.......###
#......).####.##.#.###...###..#
####........#.##.......#)# #..#
#....###...###..#.....# #.##
#...........S@.##..######.####
#.............................
#...####.###...#...####.###...
#...##...###.###.........#####
#...##.###.........#...#.##
#####........###.....#....####
#.####..## #.#...###.....#
######.## ##.#.#.# ##.##..
#...####....#.####...##


You could see an adder.

Vanquished Creatures
  An adder (D:2)
  A leopard gecko (D:2)
  4 giant cockroaches
  4 goblins
  A frilled lizard (D:1)
  3 kobolds (D:1)
  3 rats
17 creatures vanquished.

Vanquished Creatures (collateral kills)
  An adder (D:2)
  A worm (D:2)
  A leopard gecko (D:2)
  3 goblins
  2 hobgoblins (D:2)
  4 jackals (D:2)
  A frilled lizard (D:1)
  6 kobolds
  3 rats
22 creatures vanquished.

Grand Total: 39 creatures vanquished

Notes
Turn   | Place    | Note
-------+----------+-------------------------------------------
     0 | D:1      | FishyPogo the Hill Orc Summoner began the quest for the
                  | Orb.
     0 | D:1      | Reached XP level 1. HP: 14/14 MP: 3/3
   126 | D:1      | Reached XP level 2. HP: 18/20 MP: 0/4
   618 | D:2      | Reached skill level 1 in Axes
   618 | D:2      | Reached XP level 3. HP: 27/27 MP: 2/5
   639 | D:2      | Learned a level 3 spell: Call Canine Familiar
   744 | D:2      | Reached skill level 1 in Fighting
  1122 | D:1      | Slain by an adder

Skill      XL: |  1  2  3 |
---------------+----------+-----
Dodging        | 2 |  2.0
Axes           | 1 |  1.5
Fighting       | 1 |  1.0
Stealth        | |  1.5
Shields        | |  0.9
Spellcasting   | |  1.9
Summonings     | |  4.3

Action                   || total
-------------------------++-------
Melee: Dagger            ||     9
       Hand axe          ||    57
 Cast: Summon Small Mamm ||    27
       Call Canine Famil ||     5
  Use: Potion            ||     1
  Eat: Chunk             ||     1
Armor: Robe              ||    10
Dodge: Dodged            ||    62
Block: Buckler           ||    11
